 Dungeon Crawl Stone Soup version 0.31-b1-20-g67cafac56d (webtiles) character file.

Game seed: 14761153233785706007

388 HakonGodeson the Chopper (level 6, -2/46 (49) HPs)
             Began as a Human Berserker on Jan 18, 2024.
             Was a Priest of Trog.
             Slain by a wight
             ... wielding a +0 short sword
              (8 damage)
             ... on level 4 of the Dungeon.
             The game lasted 00:10:24 (3036 turns).

HakonGodeson the Chopper (Human Berserker)          Turns: 3036, Time: 00:10:25

HP:   -2/46 (49)    AC: 11    Str: 17    XL:     6   Next: 79%
MP:   6/6           EV:  6    Int: 10    God:    Trog [***...]
Gold: 37            SH:  0    Dex: 12    Spells: 5/5 levels left

rFire   + . .        a - +0 hand axe
rCold   . . .        (no shield)
rNeg    . . .        g - +0 plate armour of Mucia {+Inv rF+ Regen+}
rPois   .            (no helmet)
rElec   .            (no cloak)
rCorr   .            (no gloves)
SInv    .            (no boots)
Will    .....        j - amulet of faith Stlth
                     (no ring)
HPRegen 1.87/turn    (no ring)
MPRegen 0.10/turn

%: faith
@: on berserk cooldown, slowed, drained, very slow
A: explore regen, regeneration 1
a: Renounce Religion, Evoke Invisibility, Berserk, Trog's Hand


You were on level 4 of the Dungeon.
You worshipped Trog.
Trog was most pleased with you.
You visited 1 branch of the dungeon, and saw 4 of its levels.

You collected 167 gold pieces.
You spent 130 gold pieces at shops.

Inventory:

Hand Weapons
 a - a +0 hand axe (weapon)
Armour
 b - a +1 animal skin
 g - the +0 plate armour of Mucia (worn) {+Inv rF+ Regen+}
   (You found it on level 4 of the Dungeon)

   rF+:       It protects you from fire.
   +Inv:      It lets you turn invisible.
   Regen+:    It increases your rate of health regeneration.
 h - a +0 leather armour
Jewellery
 j - an amulet of faith (around neck)
Wands
 c - a wand of flame (8)
 d - a wand of iceblast (6)
Scrolls
 e - 2 scrolls of identify
Potions
 f - a potion of enlightenment
 i - a potion of mutation


   Skills:
 * Level 4.3 Fighting
 * Level 4.6 Axes
 * Level 3.0 Armour
 * Level 3.4 Dodging
 * Level 2.1 Stealth
 * Level 1.2 Evocations


You had 5 spell levels left.
You didn't know any spells.
Your spell library was empty.

Dungeon Overview and Level Annotations

Branches:
Dungeon (4/15)
 Temple: D:4-7

Altars:
Cheibriados
Kikubaaqudgha
Ru
The Shining One

Shops:
D:4 !!([

Annotations:
D:4 Eustachio


Innate Abilities, Weirdness & Mutations

You regain HP and MP as you explore.
Your natural rate of healing is unusually fast.


Message History

You hit the ufetubus. You hit the ball python.
You kill the ball python!
Trog accepts your kill. The ufetubus closely misses you.
The ufetubus barely misses you. The wight completely misses you.
The ufetubus hits you. The ufetubus barely misses you.
The wight hits you but does no damage.
You hit the wight.
The wight is severely damaged.
You hit the ufetubus. You hit the iron imp but do no damage.
The ufetubus hits you.
The ufetubus hits you but does no damage.
The wight hits you with a +0 short sword.
The ufetubus hits you but does no damage. x2
The iron imp hits you.
The ufetubus hits you but does no damage. x2
The wight hits you but does no damage. The iron imp hits you!
* * * LOW HITPOINT WARNING * * *
Unknown command.
You barely miss the wight.
The wight is severely damaged.
You hit the ufetubus.
You kill the ufetubus!
The ufetubus disappears in a puff of smoke!
You hit the iron imp but do no damage.
The wight hits you with a +0 short sword.
* * * LOW HITPOINT WARNING * * *
The iron imp hits you.
* * * LOW HITPOINT WARNING * * *
The wight attacks as it pursues you! The wight hits you but does no damage.
Eustachio mumbles some strange words.
The wight hits you with a +0 short sword.
* * * LOW HITPOINT WARNING * * *
You feel drained.
* * * LOW HITPOINT WARNING * * *
Unknown command.
You hit the wight but do no damage.
The wight is severely damaged.
Eustachio mumbles some strange words.
The wight hits you with a +0 short sword!
You die...

..........# #.## #### ..........#
#.# #... ..........# #.# ##.##
.......r..# #.# ##..# .........#
#.# ##...# #...5@## ###.####....#
#....)5# #..........##
######z###.#.#.#.#..#
#@.....⌠.∩.⌠..###
#########..#.#.#.#...# #####
............∩...∩....#
<...#######.##....##.#.#.#.#.#.##
....#.................⌠.∩.⌠......
....#.#..........†...#)#.#.#..###
....#..#.....##..#)..........####
....#...#...###..#.##.........##.
...##....#..##...#)##......##....


You could see Eustachio, an iron imp (summoned), a wight, an ufetubus (summoned)
and a rat (summoned).

Vanquished Creatures
  2 wights (D:4)
  2 hounds (D:4)
  An iguana (D:4)
  Ijyb (D:4)
  2 orc wizards
  4 adders
  A ribbon worm (D:3)
  4 orcs
  7 ball pythons
  11 bats
  3 bat zombies (D:3)
  8 endoplasms
  9 hobgoblins
  4 quokkas
  2 frilled lizards
  A frilled lizard zombie (D:3)
  12 goblins
  10 kobolds
  4 rats
88 creatures vanquished.

Notes
Turn   | Place    | Note
-------+----------+-------------------------------------------
     0 | D:1      | HakonGodeson the Human Berserker began the quest for the
                  | Orb.
     0 | D:1      | Reached XP level 1. HP: 18/18 MP: 1/1
   230 | D:1      | Reached XP level 2. HP: 18/24 MP: 2/2
   884 | D:2      | Reached XP level 3. HP: 27/29 MP: 3/3
   898 | D:2      | Reached ** piety under Trog
  1036 | D:2      | Found a glowing golden altar of the Shining One.
  1154 | D:2      | Reached XP level 4. HP: 28/36 MP: 4/4
  1392 | D:2      | Found a faded altar of an unknown god.
  1707 | D:3      | Found a sacrificial altar of Ru.
  1735 | D:3      | Reached skill level 1 in Stealth
  2084 | D:3      | Found a snail-covered altar of Cheibriados.
  2242 | D:3      | Found an ancient bone altar of Kikubaaqudgha.
  2324 | D:4      | Found Intid's Weapon Shop.
  2450 | D:4      | Found Xiom's Antique Armour Shop.
  2450 | D:4      | Found Riatov's Distillery.
  2476 | D:4      | Found Jirghi Peikk's Distillery.
  2497 | D:4      | Bought a potion of heal wounds for 50 gold pieces
  2497 | D:4      | Bought a potion of mutation for 80 gold pieces
  2498 | D:4      | Gained mutation: You have a pair of small antennae on your
                  | head. [potion of mutation]
  2499 | D:4      | Lost mutation: You have a pair of small antennae on your
                  | head. [potion of mutation]
  2499 | D:4      | Gained mutation: Your natural rate of healing is unusually
                  | fast. [potion of mutation]
  2520 | D:4      | Reached XP level 5. HP: 33/42 MP: 5/5
  2544 | D:4      | Noticed Eustachio
  2708 | D:4      | Reached *** piety under Trog
  2826 | D:4      | Noticed Ijyb
  2871 | D:4      | Killed Ijyb
  2872 | D:4      | Reached XP level 6. HP: 25/48 MP: 6/6
  2875 | D:4      | Identified the +0 plate armour of Mucia {+Inv rF+ Regen+}
  2959 | D:4      | Reached skill level 1 in Evocations
  3036 | D:4      | Slain by a wight

Illustrated notes

Levels and vault maps discovered:
D:1:      saegor_arrival_simple_d, layout_basic
D:2:      layout_rooms, basic_altar, serial_bayou, serial_bayou_pond_b,
          serial_bayou_lake_a, serial_bayou_pond_e, serial_bayou_pond_a,
          chequers_ecumenical_altar_twisty
D:3:      layout_rooms, nicolae_ru_great_annihilating_truth,
          lemuel_zombie_altar_kikubaaqudgha, mainiacjoe_overflow_24_doors,
          hangedman_decor_growths
D:4:      kennysheep_the_goblin_king, layout_rooms, minmay_shop_grid_forest,
          minmay_crystal_water, hangedman_decor_opposing, uniq_eustachio

Skill      XL: |  1  2  3  4  5  6 |
---------------+-------------------+-----
Stealth        | 1 2 |  2.1
Axes           | 4 |  4.6
Dodging        | 3 |  3.4
Fighting       | 4 |  4.3
Evocations     | 1 |  1.2
Armour         | 3 |  3.0

Action                     |  1- 3 |  4- 6 || total
---------------------------+-------+-------++-------
  Melee: Hand axe          |   109 |   208 ||   317
         Punch             |     3 |     2 ||     5
 Invoke: Berserk           |       |     3 ||     3
  Evoke: Wand              |       |     7 ||     7
    Use: Scroll            |     3 |     6 ||     9
         Potion            |       |     8 ||     8
   Stab: Sleeping          |     1 |       ||     1
         Paralysed         |       |     4 ||     4
 Armour: Animal skin       |    86 |   127 ||   213
         Leather armour    |       |    63 ||    63
         Plate armour      |       |    55 ||    55
  Dodge: Dodged            |   120 |   183 ||   303
